[Event "GER-ch Women Open 2019"]
[Site "Bodenmais"]
[Date "2019.07.27"]
[Round "1.1"]
[White "Weinmann, Helene"]
[Black "Von Herman, Brigitte"]
[Result "0-1"]
[ECO "A46"]
[WhiteElo "1520"]
[BlackElo "2062"]
[Annotator "NA RC"]
[PlyCount "100"]
[EventDate "2019.07.27"]
[EventType "swiss"]
[EventCountry "GER"]
[SourceTitle "playchess.com"]
[Source "ChessBase"]
[SourceQuality "1"]
[TimeControl "40/5400+30:900+30"]

1. d4 Nf6 2. Nf3 e6 3. Nbd2 d5 4. e3 Be7 5. Bd3 c5 6. c3 Nbd7 7. O-O Qc7 8. Bc2 O-O 9. Re1 Re8 10. e4 dxe4 11. Nxe4 b6 12. dxc5 Nxc5 13. Nxc5 Qxc5 14. Be3 Qc7 15. Bd4 Bb7 16. Qe2 Qf4 17. Bxf6 Bxf6 18. Be4 Bxe4 19. Qxe4 Qxe4 20. Rxe4 Red8 21. Kf1 Rd5 22. Re2 Rc8 23. Ke1 Rxc3 24. Rd1 Rxd1+ 25. Kxd1 Rc7 26. Rc2 Rd7+ 27. Ke2 Kf8 28. Rd2 Rxd2+ 29. Nxd2 Bxb2 30. Kd3 Be5 31. h3 Ke7 32. Ke4 Bc7 33. g4 b5 34. f3 Kd6 35. Nb3 Bd8 36. f4 h6 37. Kd4 Bb6+ 38. Ke4 a5 39. Nc1 a4 40. Nd3 f6 41. h4 Ba5 42. h5 Bd2 43. Kd4 Ba5 44. Ke4 Bc3 45. Nc1 Kc5 46. Kd3 b4 47. Ne2 Bb2 48. Ng3 Kd5 49. Ne2 a3 50. Ng1 b3 0-1

[Event "GER-ch Women Open 2019"]
[Site "Bodenmais"]
[Date "2019.07.27"]
[Round "1.2"]
[White "Sewald, Kathrin"]
[Black "Peglau, Dora"]
[Result "1-0"]
[ECO "B10"]
[WhiteElo "2016"]
[BlackElo "1300"]
[Annotator "NA RC"]
[PlyCount "59"]
[EventDate "2019.07.27"]
[EventType "swiss"]
[EventCountry "GER"]
[SourceTitle "playchess.com"]
[Source "ChessBase"]
[SourceQuality "1"]
[TimeControl "40/5400+30:900+30"]

1. e4 c6 2. d3 d5 3. Nd2 dxe4 4. dxe4 e5 5. Ngf3 Nd7 6. Bc4 Bc5 7. O-O Ngf6 8. Qe2 O-O 9. h3 Qc7 10. a4 Rd8 11. Ng5 Rf8 12. Re1 h6 13. Ngf3 Rd8 14. Nf1 Nf8 15. Nh4 Ne6 16. c3 Bb6 17. Qf3 Nf4 18. Ng3 Be6 19. Bf1 Rd7 20. Ngf5 Rad8 21. Qg3 Bxf5 22. Nxf5 Ng6 23. Bc4 Kh7 24. Qf3 Kg8 25. Nxh6+ Kf8 26. Bg5 Qd6 27. a5 Bc7 28. Nf5 Qc5 29. b3 Bxa5 30. Be3 1-0

[Event "GER-ch Women Open 2019"]
[Site "Bodenmais"]
[Date "2019.07.27"]
[Round "1.3"]
[White "Peglau, Adelheid"]
[Black "Ries, Jutta"]
[Result "0-1"]
[ECO "B02"]
[WhiteElo "1199"]
[BlackElo "1983"]
[Annotator "NA RC"]
[PlyCount "81"]
[EventDate "2019.07.27"]
[EventType "swiss"]
[EventCountry "GER"]
[SourceTitle "playchess.com"]
[Source "ChessBase"]
[SourceQuality "1"]
[TimeControl "40/5400+30:900+30"]

1. e4 Nf6 2. Nc3 d5 3. exd5 Nxd5 4. Nxd5 Qxd5 5. Nf3 Bf5 6. d4 c6 7. c4 Qe6+ 8. Be3 h6 9. Bd3 Bxd3 10. Qxd3 Na6 11. O-O Nc7 12. Rfe1 Rd8 13. Rad1 Qc8 14. Bf4 e6 15. Bxc7 Qxc7 16. Ne5 Bd6 17. Qg3 O-O 18. c5 Bxe5 19. Qxe5 Qa5 20. a3 Rd5 21. Qe3 Rfd8 22. Qc3 Qxc3 23. bxc3 e5 24. Re3 exd4 25. cxd4 Rxd4 26. Rxd4 Rxd4 27. Kf1 Kf8 28. Ke2 Rc4 29. Rb3 Rxc5 30. Rxb7 Ra5 31. Rb3 Ke7 32. Kd3 Kd6 33. Kc4 Ra4+ 34. Kc3 Rf4 35. f3 a5 36. Rb7 Kc5 37. Kb3 g5 38. a4 h5 39. Rb8 Rb4+ 40. Kc3 Rxb8 41. Kd3 0-1

[Event "GER-ch Women Open 2019"]
[Site "Bodenmais"]
[Date "2019.07.27"]
[Round "1.4"]
[White "Just, Anita"]
[Black "Wolff, Beate"]
[Result "1-0"]
[ECO "B19"]
[WhiteElo "1875"]
[BlackElo "1238"]
[Annotator "NA RC"]
[PlyCount "96"]
[EventDate "2019.07.27"]
[EventType "swiss"]
[EventCountry "GER"]
[SourceTitle "playchess.com"]
[Source "ChessBase"]
[SourceQuality "1"]
[TimeControl "40/5400+30:900+30"]

1. e4 c6 2. d4 d5 3. Nc3 dxe4 4. Nxe4 Bf5 5. Ng3 Bg6 6. h4 h6 7. Nf3 Nd7 8. h5 Bh7 9. Bd3 Bxd3 10. Qxd3 e6 11. Bf4 Ngf6 12. O-O-O Be7 13. Kb1 O-O 14. Qe2 Qb6 15. c4 Rfe8 16. Ne5 c5 17. Nxd7 Nxd7 18. dxc5 Nxc5 19. Be5 a5 20. Bd4 Qc6 21. Qg4 Bf8 22. Be3 Kh7 23. Ne2 Qe4+ 24. Qxe4+ Nxe4 25. Rd7 Re7 26. Rhd1 f6 27. Rxe7 Bxe7 28. Rd7 Bc5 29. Bxc5 Nxc5 30. Rc7 b6 31. Rc6 Rd8 32. Nf4 e5 33. Nd5 Ne4 34. f3 Rd6 35. Rxd6 Nxd6 36. Nxb6 Nb7 37. Kc2 Kg8 38. a3 Kf7 39. b4 Ke6 40. Kd3 Kd6 41. c5+ Kc6 42. Kc4 axb4 43. axb4 f5 44. b5+ Kc7 45. Nd5+ Kc8 46. Ne7+ Kc7 47. b6+ Kd7 48. c6+ Ke8 1-0

[Event "GER-ch Women Open 2019"]
[Site "Bodenmais"]
[Date "2019.07.27"]
[Round "1.5"]
[White "Navarro Ortega-Villaizan, Lucia"]
[Black "Pribylova, Ruzena"]
[Result "1/2-1/2"]
[ECO "B90"]
[WhiteElo "1113"]
[BlackElo "1867"]
[Annotator "NA RC"]
[PlyCount "54"]
[EventDate "2019.07.27"]
[EventType "swiss"]
[EventCountry "GER"]
[SourceTitle "playchess.com"]
[Source "ChessBase"]
[SourceQuality "1"]
[TimeControl "40/5400+30:900+30"]

1. e4 c5 2. Nf3 d6 3. d4 cxd4 4. Nxd4 Nf6 5. Nc3 a6 6. f3 e6 7. Be3 Be7 8. Qd2 Qc7 9. O-O-O Nc6 10. Nxc6 bxc6 11. Na4 c5 12. Bc4 Bd7 13. Nc3 Bc6 14. Bf4 e5 15. Bg5 O-O 16. Bxf6 gxf6 17. Bd5 Rfd8 18. Bxc6 Qxc6 19. Nd5 Qb7 20. Qh6 Rab8 21. b3 c4 22. Nxf6+ Bxf6 23. Qxf6 Qb4 24. Qg5+ Kf8 25. Qh6+ Kg8 26. Qg5+ Kf8 27. Qh6+ Ke8 1/2-1/2

[Event "GER-ch Women Open 2019"]
[Site "Bodenmais"]
[Date "2019.07.27"]
[Round "1.7"]
[White "Peglau, Lorena"]
[Black "Steckmann, Kerstin"]
[Result "1/2-1/2"]
[ECO "A04"]
[WhiteElo "762"]
[BlackElo "1653"]
[Annotator "NA RC"]
[PlyCount "107"]
[EventDate "2019.07.27"]
[EventType "swiss"]
[EventCountry "GER"]
[SourceTitle "playchess.com"]
[Source "ChessBase"]
[SourceQuality "1"]
[TimeControl "40/5400+30:900+30"]

1. Nf3 e6 2. d4 d5 3. Bf4 c5 4. dxc5 Bxc5 5. e3 Nc6 6. c4 Qa5+ 7. Qd2 Qxd2+ 8. Nbxd2 Nf6 9. cxd5 Nxd5 10. Bg3 O-O 11. Be2 Rd8 12. O-O Nxe3 13. Rfc1 Bb6 14. a4 Nf5 15. a5 Bxa5 16. Nc4 Nxg3 17. hxg3 Bb4 18. Nce5 Nd4 19. Nxd4 Rxd4 20. Rc7 Bd6 21. Nf3 Bxc7 22. Nxd4 Be5 23. Rd1 Bxd4 24. Rxd4 Kf8 25. Rd8+ Ke7 26. Rh8 Kf6 27. Rxh7 Bd7 28. f4 Rc8 29. g4 Rc2 30. g5+ Ke7 31. Bf3 Rxb2 32. Rxg7 Rb4 33. g3 Rb3 34. Kg2 a5 35. g6 Rb2+ 36. Kh3 e5+ 37. Kh4 Kf6 38. Rxf7+ Kxg6 39. Rxd7 Rh2+ 40. Kg4 exf4 41. gxf4 b5 42. Be4+ Kf6 43. Rd6+ Ke7 44. Rd5 Rb2 45. Re5+ Kf6 46. Bc6 a4 47. Bxb5 a3 48. Re1 Rxb5 49. Ra1 Rb3 50. f5 Rb4+ 51. Kf3 Ra4 52. Ke2 Kxf5 53. Kd2 Ke4 54. Ke1 1/2-1/2

[Event "GER-ch Women Open 2019"]
[Site "Bodenmais"]
[Date "2019.07.28"]
[Round "2.1"]
[White "Von Herman, Brigitte"]
[Black "Just, Anita"]
[Result "1-0"]
[ECO "C15"]
[WhiteElo "2062"]
[BlackElo "1875"]
[Annotator "NA RC"]
[PlyCount "71"]
[EventDate "2019.07.27"]
[EventType "swiss"]
[EventCountry "GER"]
[SourceTitle "playchess.com"]
[Source "ChessBase"]
[SourceQuality "1"]
[TimeControl "40/5400+30:900+30"]

1. e4 e6 2. d4 d5 3. Nc3 Bb4 4. exd5 exd5 5. Bd3 Nc6 6. a3 Bxc3+ 7. bxc3 Nge7 8. Qf3 Be6 9. Rb1 Na5 10. Ne2 Qd7 11. O-O O-O-O 12. Re1 Bf5 13. Bd2 c6 14. Ng3 Bg6 15. Rb4 Kb8 16. Reb1 Ka8 17. Ra4 Nc4 18. Bxc4 dxc4 19. Rxc4 Bxc2 20. Rb2 Bg6 21. Rcb4 b6 22. a4 Nd5 23. R4b3 Rhe8 24. h3 Re6 25. c4 Nf6 26. Be3 Ne4 27. a5 Rf6 28. Qe2 Nxg3 29. fxg3 b5 30. cxb5 cxb5 31. Rxb5 Rf5 32. d5 Re8 33. Qd2 Rfe5 34. Bf4 Re1+ 35. Kh2 a6 36. Rb8+ 1-0

[Event "GER-ch Women Open 2019"]
[Site "Bodenmais"]
[Date "2019.07.28"]
[Round "2.2"]
[White "Ries, Jutta"]
[Black "Sewald, Kathrin"]
[Result "1/2-1/2"]
[ECO "A02"]
[WhiteElo "1983"]
[BlackElo "2016"]
[Annotator "NA RC"]
[PlyCount "84"]
[EventDate "2019.07.27"]
[EventType "swiss"]
[EventCountry "GER"]
[SourceTitle "playchess.com"]
[Source "ChessBase"]
[SourceQuality "1"]
[TimeControl "40/5400+30:900+30"]

1. f4 Nh6 2. Nf3 g6 3. Nc3 d5 4. e3 Bg7 5. b3 O-O 6. Bb2 c5 7. Na4 d4 8. Nxc5 dxe3 9. Bxg7 Kxg7 10. Nd3 exd2+ 11. Qxd2 Nc6 12. Rd1 Qb6 13. Qc3+ f6 14. Qc5 Qxc5 15. Nxc5 Ng4 16. Nd4 Nxd4 17. Rxd4 e5 18. fxe5 fxe5 19. Rd2 b6 20. Ne4 Bf5 21. Bd3 Rad8 22. Re2 Rd4 23. Rf1 Nxh2 24. Rh1 Bxe4 25. Bxe4 Ng4 26. c3 Rxe4 27. Rxe4 Nf2 28. Reh4 Nxh1 29. Rxh1 h5 30. Ke2 Rd8 31. Rf1 Rd7 32. Ke3 Kh6 33. Rf2 Kg5 34. Ke4 Re7 35. Rf3 Kg4 36. c4 h4 37. b4 Rd7 38. Rc3 Rd4+ 39. Kxe5 Rd2 40. c5 bxc5 41. bxc5 Rxg2 42. c6 Rxa2 1/2-1/2

[Event "GER-ch Women Open 2019"]
[Site "Bodenmais"]
[Date "2019.07.28"]
[Round "2.3"]
[White "Pribylova, Ruzena"]
[Black "Peglau, Sarah"]
[Result "0-1"]
[ECO "C10"]
[WhiteElo "1867"]
[BlackElo "1525"]
[Annotator "NA RC"]
[PlyCount "84"]
[EventDate "2019.07.27"]
[EventType "swiss"]
[EventCountry "GER"]
[SourceTitle "playchess.com"]
[Source "ChessBase"]
[SourceQuality "1"]
[TimeControl "40/5400+30:900+30"]

1. e4 e6 2. d4 d5 3. Nd2 dxe4 4. Nxe4 Bd7 5. Nf3 Bc6 6. Bd3 Nd7 7. O-O Ngf6 8. Nxf6+ Qxf6 9. Be2 Bd6 10. Bg5 Qf5 11. Qd2 h6 12. Bd3 Qg4 13. h3 Qh5 14. Bf4 Bxf3 15. Bxd6 cxd6 16. gxf3 Qxf3 17. Qe3 Qxe3 18. fxe3 d5 19. e4 Nb6 20. exd5 Nxd5 21. c4 Nb4 22. Be4 Rc8 23. a3 Nc6 24. d5 exd5 25. Bxd5 f6 26. c5 Kd7 27. Rad1 Kc7 28. Rd2 Rhe8 29. Rfd1 Rcd8 30. Kf2 f5 31. b4 f4 32. b5 Ne5 33. h4 g5 34. hxg5 hxg5 35. a4 Ng4+ 36. Kf3 Ne3 37. Re1 g4+ 38. Kf2 Re5 39. b6+ axb6 40. cxb6+ Kb8 41. Rh1 Rexd5 42. Rxd5 Nxd5 0-1

[Event "GER-ch Women Open 2019"]
[Site "Bodenmais"]
[Date "2019.07.28"]
[Round "2.4"]
[White "Steckmann, Kerstin"]
[Black "Navarro Ortega-Villaizan, Lucia"]
[Result "1-0"]
[ECO "D11"]
[WhiteElo "1653"]
[BlackElo "1113"]
[Annotator "NA RC"]
[PlyCount "111"]
[EventDate "2019.07.27"]
[EventType "swiss"]
[EventCountry "GER"]
[SourceTitle "playchess.com"]
[Source "ChessBase"]
[SourceQuality "1"]
[TimeControl "40/5400+30:900+30"]

1. d4 d5 2. c4 c6 3. Nf3 Bf5 4. Nc3 Nf6 5. Qb3 Qb6 6. cxd5 cxd5 7. Qxb6 axb6 8. Nb5 Na6 9. Bf4 Rc8 10. a3 Bd7 11. e3 Ne4 12. Bd3 Nd6 13. Nxd6+ exd6 14. O-O Be7 15. Rac1 O-O 16. Bg3 b5 17. b4 Nc7 18. Rc3 Ne6 19. Rfc1 Rxc3 20. Rxc3 f5 21. Bh4 Bxh4 22. Nxh4 f4 23. Nf5 fxe3 24. fxe3 Rf7 25. Nxd6 Rf8 26. Nxb7 Ng5 27. Nd6 h5 28. Nxb5 h4 29. h3 Ne4 30. Bxe4 dxe4 31. Nd6 Rf6 32. Nxe4 Rg6 33. Nf2 Kf7 34. Rc7 Ke7 35. Ng4 Kd8 36. Rxd7+ Kc8 37. Rf7 Ra6 38. Rxg7 Rxa3 39. Kf2 Rb3 40. Rh7 Rxb4 41. Rxh4 Rb2+ 42. Kf3 Rb6 43. Ne5 Rb3 44. g4 Kc7 45. Rh6 Rb1 46. h4 Rf1+ 47. Ke4 Rg1 48. g5 Kd8 49. g6 Ke8 50. Rh7 Kf8 51. Rf7+ Kg8 52. h5 Rg4+ 53. Nxg4 Kh8 54. h6 Kg8 55. Kf5 Kh8 56. Rf8# 1-0

[Event "GER-ch Women Open 2019"]
[Site "Bodenmais"]
[Date "2019.07.28"]
[Round "2.5"]
[White "Wolff, Beate"]
[Black "Peglau, Lorena"]
[Result "1-0"]
[ECO "A11"]
[WhiteElo "1238"]
[BlackElo "762"]
[Annotator "NA RC"]
[PlyCount "113"]
[EventDate "2019.07.27"]
[EventType "swiss"]
[EventCountry "GER"]
[SourceTitle "playchess.com"]
[Source "ChessBase"]
[SourceQuality "1"]
[TimeControl "40/5400+30:900+30"]

1. c4 c6 2. Nf3 d5 3. cxd5 cxd5 4. d4 Bf5 5. g3 Nf6 6. Bg2 Nbd7 7. O-O e6 8. Nc3 Be7 9. h3 Qc7 10. Nb5 Qb6 11. a4 a6 12. Nc3 O-O 13. b3 Qc7 14. Bb2 e5 15. Rc1 exd4 16. Nxd5 Qd6 17. Nxe7+ Qxe7 18. Nxd4 Bg6 19. Bxb7 Ra7 20. Nc6 Qe4 21. Nxa7 Qxb7 22. Nc6 Re8 23. Re1 Be4 24. Nd4 Bg2 25. f3 Bxh3 26. Kh2 Be6 27. Nxe6 Rxe6 28. Qc2 g6 29. Qc8+ Qxc8 30. Rxc8+ Kg7 31. e4 Rb6 32. Re3 Rd6 33. Re2 Nb6 34. Rc7 Na8 35. Rc8 Nb6 36. Rc5 Kh6 37. Bxf6 Rxf6 38. Kg2 g5 39. Re1 Kh5 40. Rh1+ Kg6 41. g4 Nd7 42. Rd5 Nb6 43. Rc5 Nd7 44. Rc8 Kg7 45. Re1 Nb6 46. Rc7 Na8 47. Rc5 Nb6 48. Rd1 Kg6 49. a5 h5 50. axb6 Rxb6 51. gxh5+ Kxh5 52. Rh1+ Kg6 53. Kg3 Rxb3 54. Rc6+ f6 55. Rxa6 Re3 56. Rd1 Kh5 57. Rxf6 1-0

[Event "GER-ch Women Open 2019"]
[Site "Bodenmais"]
[Date "2019.07.28"]
[Round "2.6"]
[White "Peglau, Dora"]
[Black "Weinmann, Helene"]
[Result "1-0"]
[ECO "A04"]
[WhiteElo "1300"]
[BlackElo "1520"]
[Annotator "NA RC"]
[PlyCount "49"]
[EventDate "2019.07.27"]
[EventType "swiss"]
[EventCountry "GER"]
[SourceTitle "playchess.com"]
[Source "ChessBase"]
[SourceQuality "1"]
[TimeControl "40/5400+30:900+30"]

1. Nf3 Nc6 2. d4 d5 3. Bf4 Nf6 4. e3 e6 5. c4 Bd6 6. Bg3 O-O 7. Nc3 a6 8. Bd3 dxc4 9. Bxc4 Re8 10. O-O e5 11. Ng5 Rf8 12. dxe5 Bxe5 13. Qxd8 Rxd8 14. Nxf7 Nd5 15. Nxd8 Bxc3 16. Bxd5+ Kf8 17. Nxc6 Bxb2 18. Rab1 Ba3 19. Nd4 c6 20. Be6 c5 21. Bxc8 cxd4 22. Bxb7 Rd8 23. Rfd1 d3 24. Rb3 Be7 25. Rbxd3 1-0

[Event "GER-ch Women Open 2019"]
[Site "Bodenmais"]
[Date "2019.07.28"]
[Round "2.7"]
[White "Navarro Ortega-Villaizan, Alba"]
[Black "Peglau, Adelheid"]
[Result "0-1"]
[ECO "B15"]
[WhiteElo "700"]
[BlackElo "1199"]
[Annotator "NA RC"]
[PlyCount "116"]
[EventDate "2019.07.27"]
[EventType "swiss"]
[EventCountry "GER"]
[SourceTitle "playchess.com"]
[Source "ChessBase"]
[SourceQuality "1"]
[TimeControl "40/5400+30:900+30"]

1. e4 c6 2. d4 d5 3. Nc3 dxe4 4. Bc4 Nf6 5. Bg5 Qb6 6. a3 Bf5 7. Bxf6 exf6 8. Nge2 Bd6 9. O-O O-O 10. Qd2 Bg6 11. Na4 Qc7 12. Nac3 Nd7 13. d5 c5 14. Nb5 Qb6 15. Nxd6 Qxd6 16. Nc3 a6 17. a4 Rfe8 18. Rfb1 Rad8 19. b4 cxb4 20. Na2 a5 21. c3 Nb6 22. Bb5 Re5 23. Qf4 Rxd5 24. Qxd6 R5xd6 25. Be2 e3 26. Rc1 exf2+ 27. Kf1 bxc3 28. Nxc3 Nd5 29. Nb5 Rb6 30. Kxf2 Nf4 31. Rd1 Rxd1 32. Rxd1 Ne6 33. Nc7 h6 34. Nd5 Rb3 35. Ne7+ Kf8 36. Bc4 Rb2+ 37. Kf1 Kxe7 38. Bxe6 fxe6 39. Rd4 e5 40. Rd5 b6 41. Ke1 Be4 42. Rd1 Bxg2 43. Ra1 Ke6 44. Kd1 Bf3+ 45. Kc1 Rxh2 46. Ra3 Bd5 47. Kb1 f5 48. Rg3 g5 49. Rg1 f4 50. Kc1 f3 51. Kd1 f2 52. Rf1 Bc4 53. Rxf2 Rxf2 54. Kc1 g4 55. Kd1 g3 56. Ke1 Ra2 57. Kd1 g2 58. Kc1 g1=Q# 0-1

[Event "GER-ch Women Open 2019"]
[Site "Bodenmais"]
[Date "2019.07.29"]
[Round "3.1"]
[White "Peglau, Sarah"]
[Black "Von Herman, Brigitte"]
[Result "0-1"]
[ECO "D02"]
[WhiteElo "1525"]
[BlackElo "2062"]
[Annotator "NA"]
[PlyCount "78"]
[EventDate "2019.07.27"]
[EventType "swiss"]
[EventCountry "GER"]
[SourceTitle "playchess.com"]
[Source "ChessBase"]
[SourceQuality "1"]
[TimeControl "40/5400+30:900+30"]

1. d4 d5 2. Nf3 Nf6 3. Bf4 e6 4. e3 c5 5. c4 Nc6 6. Nc3 a6 7. Rc1 cxd4 8. Nxd4 Be7 9. cxd5 exd5 10. Be2 O-O 11. O-O h6 12. Qd2 Bb4 13. Bf3 Ne4 14. Bxe4 dxe4 15. Rfd1 Nxd4 16. Qxd4 Qxd4 17. Rxd4 Bxc3 18. Rxc3 Be6 19. Rxe4 Bxa2 20. Re7 Rfd8 21. Kf1 b5 22. Ke1 a5 23. Rcc7 a4 24. Red7 Rxd7 25. Rxd7 Rc8 26. Rb7 Rc5 27. Bd6 Rd5 28. Bb4 Bb3 29. Rb6 Rd1+ 30. Ke2 Rg1 31. g3 Bc4+ 32. Kf3 Rc1 33. e4 Rc2 34. Bc3 a3 35. Bd4 axb2 36. Bxb2 Rxb2 37. Ke3 Kf8 38. Rb7 Rb3+ 39. Kd4 Rf3 0-1

[Event "GER-ch Women Open 2019"]
[Site "Bodenmais"]
[Date "2019.07.29"]
[Round "3.2"]
[White "Sewald, Kathrin"]
[Black "Steckmann, Kerstin"]
[Result "1-0"]
[ECO "C00"]
[WhiteElo "2016"]
[BlackElo "1653"]
[Annotator "NA"]
[PlyCount "77"]
[EventDate "2019.07.27"]
[EventType "swiss"]
[EventCountry "GER"]
[SourceTitle "playchess.com"]
[Source "ChessBase"]
[SourceQuality "1"]
[TimeControl "40/5400+30:900+30"]

1. e4 e6 2. d3 d5 3. Nd2 c5 4. Ngf3 Nc6 5. g3 Nf6 6. Bg2 Be7 7. O-O O-O 8. e5 Nd7 9. Re1 Qc7 10. Qe2 Nb4 11. Nf1 h6 12. a3 Nc6 13. h4 Qd8 14. Bf4 Re8 15. c3 Nf8 16. b4 a6 17. bxc5 Bxc5 18. d4 Be7 19. N3d2 b5 20. Qg4 Kh8 21. Qh5 Nh7 22. Qxf7 Rf8 23. Qg6 Bxh4 24. Be3 Be7 25. f4 Qe8 26. Qxe8 Rxe8 27. g4 Bd7 28. Nb3 Rac8 29. Bf2 Nd8 30. Rec1 Nf8 31. Ne3 Ng6 32. f5 Nf4 33. Bf1 Bg5 34. Nc5 Bc6 35. Nxa6 exf5 36. gxf5 Nf7 37. Nb4 Nh5 38. Nxc6 Rxc6 39. Bxb5 1-0

[Event "GER-ch Women Open 2019"]
[Site "Bodenmais"]
[Date "2019.07.29"]
[Round "3.3"]
[White "Just, Anita"]
[Black "Ries, Jutta"]
[Result "1/2-1/2"]
[ECO "B02"]
[WhiteElo "1875"]
[BlackElo "1983"]
[Annotator "NA"]
[PlyCount "97"]
[EventDate "2019.07.27"]
[EventType "swiss"]
[EventCountry "GER"]
[SourceTitle "playchess.com"]
[Source "ChessBase"]
[SourceQuality "1"]
[TimeControl "40/5400+30:900+30"]

1. e4 Nf6 2. e5 Ng8 3. d4 d6 4. f4 dxe5 5. fxe5 Nc6 6. c3 Bf5 7. Nf3 e6 8. Nbd2 Nge7 9. Be2 Nd5 10. Nf1 h6 11. Ng3 Bg6 12. O-O Be7 13. Ne1 Bg5 14. Bxg5 Qxg5 15. Qc1 Qxc1 16. Rxc1 O-O 17. Nd3 a5 18. Nf4 Nxf4 19. Rxf4 Ne7 20. Rcf1 Nd5 21. R4f3 Rad8 22. h4 Ne7 23. h5 Bf5 24. Bd3 Bxd3 25. Rxd3 c5 26. Ne4 cxd4 27. cxd4 Nc6 28. Nd6 Rd7 29. a3 f6 30. Re1 fxe5 31. dxe5 Rfd8 32. Rb3 Nxe5 33. Rxe5 Rxd6 34. Rxb7 Ra6 35. Rbb5 Rda8 36. Kf2 Kf7 37. Ke3 Kf6 38. Rec5 R8a7 39. Ke4 g6 40. g4 gxh5 41. gxh5 a4 42. Rc8 Ra5 43. Rf8+ Ke7 44. Rfb8 Kf6 45. Kf4 Ra8 46. R8b7 R8a7 47. Rb8 Ra8 48. R8b7 R8a7 49. Ke4 {Ke5+} 1/2-1/2

[Event "GER-ch Women Open 2019"]
[Site "Bodenmais"]
[Date "2019.07.29"]
[Round "3.4"]
[White "Peglau, Adelheid"]
[Black "Peglau, Dora"]
[Result "0-1"]
[ECO "B56"]
[WhiteElo "1187"]
[BlackElo "1300"]
[Annotator "NA"]
[PlyCount "70"]
[EventDate "2019.07.27"]
[EventType "swiss"]
[EventCountry "GER"]
[SourceTitle "playchess.com"]
[Source "ChessBase"]
[SourceQuality "1"]
[TimeControl "40/5400+30:900+30"]

1. e4 c5 2. Nf3 Nc6 3. d4 cxd4 4. Nxd4 Nf6 5. Nc3 d6 6. Bb5 Bd7 7. Bg5 Qb6 8. Bxc6 Bxc6 9. Nxc6 bxc6 10. Rb1 Qa6 11. f3 Rb8 12. Qd2 Nd7 13. Qe2 Qxe2+ 14. Nxe2 g6 15. O-O Bg7 16. b3 h6 17. Be3 O-O 18. Rfd1 Rb7 19. c4 c5 20. Bd2 Rfb8 21. Bc3 Ne5 22. f4 Nxc4 23. Bxg7 Kxg7 24. Nc3 Nb6 25. Nd5 Nxd5 26. Rxd5 c4 27. e5 cxb3 28. axb3 dxe5 29. Rxe5 e6 30. Ra5 Kf6 31. h3 Rb4 32. g3 Rxb3 33. Rxb3 Rxb3 34. Kg2 Rb7 35. Kf3 g5 0-1

[Event "GER-ch Women Open 2019"]
[Site "Bodenmais"]
[Date "2019.07.29"]
[Round "3.5"]
[White "Navarro Ortega-Villaizan, Lucia"]
[Black "Wolff, Beate"]
[Result "1-0"]
[ECO "B13"]
[WhiteElo "1113"]
[BlackElo "1238"]
[Annotator "NA"]
[PlyCount "111"]
[EventDate "2019.07.27"]
[EventType "swiss"]
[EventCountry "GER"]
[SourceTitle "playchess.com"]
[Source "ChessBase"]
[SourceQuality "1"]
[TimeControl "40/5400+30:900+30"]

1. e4 c6 2. d4 d5 3. exd5 cxd5 4. Nf3 Nc6 5. Bf4 Nf6 6. Nbd2 e6 7. Bd3 Be7 8. O-O O-O 9. Re1 Qb6 10. Nb3 Bd7 11. Be5 Rac8 12. Rc1 Nb4 13. c3 Nxd3 14. Qxd3 Bb5 15. Qb1 Ne4 16. Nbd2 Nxd2 17. Nxd2 h6 18. Re3 f5 19. Rg3 Bf6 20. Bf4 g5 21. h4 g4 22. Nf3 h5 23. Bh6 Bg7 24. Bxg7 Kxg7 25. Ne5 Kh6 26. Qc2 Qd8 27. Qd2+ f4 28. c4 dxc4 29. Rgc3 Qxh4 30. g3 Qf6 31. Kg2 Bc6+ 32. Kg1 b5 33. Qc2 Be4 34. Qxe4 fxg3 35. f4 Qf5 36. Qxf5 exf5 37. Rxg3 h4 38. Ra3 Rc7 39. b3 c3 40. d5 g3 41. Nf3 h3 42. Nd4 b4 43. Ra6+ Kh5 44. Ne6 Re8 45. Nxc7 Re2 46. d6 Rd2 47. Ra5 Kg4 48. Rd5 Re2 49. d7 Kf3 50. Rd3+ Kxf4 51. d8=Q Rg2+ 52. Kf1 Rf2+ 53. Ke1 h2 54. Qh4+ Ke5 55. Qxg3+ Ke4 56. Qe3# 1-0

[Event "GER-ch Women Open 2019"]
[Site "Bodenmais"]
[Date "2019.07.29"]
[Round "3.6"]
[White "Peglau, Lorena"]
[Black "Pribylova, Ruzena"]
[Result "0-1"]
[ECO "A04"]
[WhiteElo "1108"]
[BlackElo "1867"]
[Annotator "NA"]
[PlyCount "34"]
[EventDate "2019.07.27"]
[EventType "swiss"]
[EventCountry "GER"]
[SourceTitle "playchess.com"]
[Source "ChessBase"]
[SourceQuality "1"]
[TimeControl "40/5400+30:900+30"]

1. Nf3 c5 2. e3 d5 3. d4 e6 4. Bd2 Nf6 5. c4 Nc6 6. Nc3 Be7 7. Be2 O-O 8. cxd5 Nxd5 9. Nxd5 Qxd5 10. O-O cxd4 11. exd4 Nxd4 12. Nxd4 Qxd4 13. Qc2 Bd7 14. Bc3 Qc5 15. Rfd1 Bc6 16. Rac1 Qg5 17. Bd2 Qxg2# 0-1

[Event "GER-ch Women Open 2019"]
[Site "Bodenmais"]
[Date "2019.07.30"]
[Round "4.1"]
[White "Von Herman, Brigitte"]
[Black "Sewald, Kathrin"]
[Result "1-0"]
[ECO "C54"]
[WhiteElo "2062"]
[BlackElo "2016"]
[Annotator "NA"]
[PlyCount "75"]
[EventDate "2019.07.27"]
[EventType "swiss"]
[EventCountry "GER"]
[SourceTitle "playchess.com"]
[Source "ChessBase"]
[SourceQuality "1"]
[TimeControl "40/5400+30:900+30"]

1. e4 e5 2. Nf3 Nc6 3. Bc4 Bc5 4. c3 Nf6 5. d3 d6 6. Bb3 a6 7. Nbd2 Ba7 8. h3 h6 9. Nf1 Qe7 10. Ne3 g6 11. Qe2 Bd7 12. g4 Na5 13. Bc2 O-O-O 14. b4 Nc6 15. a4 Nb8 16. Bd2 c6 17. Nc4 b5 18. axb5 cxb5 19. Na5 Nc6 20. Nxc6 Bxc6 21. Rxa6 Qb7 22. Ra3 Bb8 23. c4 bxc4 24. O-O d5 25. dxc4 d4 26. Re1 Ne8 27. c5 Bb5 28. Bd3 Bxd3 29. Qxd3 Kd7 30. b5 Ke7 31. Ba5 Bc7 32. Bb4 Kf6 33. Rea1 Rb8 34. b6 Bd8 35. Ra7 Qc6 36. Nxe5 Kxe5 37. Qg3+ Kf6 38. Qxb8 1-0

[Event "GER-ch Women Open 2019"]
[Site "Bodenmais"]
[Date "2019.07.30"]
[Round "4.2"]
[White "Ries, Jutta"]
[Black "Peglau, Sarah"]
[Result "1-0"]
[ECO "A03"]
[WhiteElo "1983"]
[BlackElo "1525"]
[Annotator "NA"]
[PlyCount "91"]
[EventDate "2019.07.27"]
[EventType "swiss"]
[EventCountry "GER"]
[SourceTitle "playchess.com"]
[Source "ChessBase"]
[SourceQuality "1"]
[TimeControl "40/5400+30:900+30"]

1. f4 Nf6 2. Nf3 d5 3. e3 c5 4. b3 Nc6 5. Bb5 Bd7 6. O-O g6 7. Bb2 Bg7 8. Bxc6 Bxc6 9. Ne5 O-O 10. Nxc6 bxc6 11. Qe2 Qb6 12. Nc3 Ne4 13. Na4 Qa5 14. Bxg7 Kxg7 15. d3 Nc3 16. Qe1 d4 17. exd4 cxd4 18. Nxc3 Qxc3 19. Qxc3 dxc3 20. Rfe1 Kf6 21. Re4 Rad8 22. Rae1 Rfe8 23. Rc4 Rd6 24. Re5 Rc8 25. Kf2 Re6 26. Ra5 Rc7 27. Rxc3 Rd7 28. Rc4 Rd5 29. Rxa7 Kf5 30. Ra6 Rdd6 31. Ra5+ Kf6 32. Rac5 Kg7 33. a4 h6 34. a5 Rf6 35. a6 g5 36. a7 Rd8 37. Rxc6 Ra8 38. Rxf6 Kxf6 39. fxg5+ hxg5 40. Ra4 Ke6 41. b4 Kd6 42. b5 Kc5 43. c4 Kb6 44. Ra6+ Kc5 45. Rc6+ Kd4 46. b6 {[%emt 0:00:11] Kd5} 1-0